 Dungeon Crawl Stone Soup version 0.28.0-53-g5a82cb258f (webtiles) character file.

Game seed: 6326889833241858320

165296 DocClef the Slayer (level 17, 0/178 HPs)
             Began as a Minotaur Fighter on June 27, 2022.
             Was the Champion of the Shining One.
             Slain by a ghost moth (4 damage)
             ... on level 3 of the Spider Nest.
             The game lasted 00:49:29 (37252 turns).

DocClef the Slayer (Minotaur Fighter)              Turns: 37252, Time: 00:49:30

Health: 0/178      AC: 27    Str: 33      XL:     17   Next: 27%
Magic:  0/22       EV: 11    Int:  1 (5)  God:    the Shining One [******]
Gold:   1530       SH:  0    Dex: 10 (12) Spells: 16/16 levels left

rFire   . . .      SeeInvis .   E - +2 whip (elec)
rCold   . . .      Faith    .   c - +0 buckler
rNeg    + + +      Spirit   .   y - +1 plate armour {rPois}
rPois   +          Reflect  +   b - +1 hat {Stlth+}
rElec   .          Harm     .   M - +2 cloak
rCorr   +          Rampage  .   a - +0 pair of gloves
Will    +....                   Q - +0 pair of boots
Stlth   ..........              T - amulet of reflection
HPRegen 0.39/turn               O - ring of resist corrosion
MPRegen 0.18/turn               I - ring "Dihuc" {Str+6 Slay+3 Stlth+}

@: confused, marked, slowed, glowing, studying Necromancy, very slow
A: horns 2, retaliatory headbutt
a: Renounce Religion, Divine Shield, Cleansing Flame, Summon Divine Warrior,
Brand Weapon With Holy Wrath


You were on level 3 of the Spider Nest.
You worshipped the Shining One.
The Shining One was exalted by your worship.
You visited 6 branches of the dungeon, and saw 29 of its levels.
You visited the Abyss 1 time.
You also visited: Bailey.

You collected 3847 gold pieces.
You spent 2317 gold pieces at shops.

Inventory:

Hand Weapons
 r - the +8 halberd of Evisceration {vorpal, +Blink}
   (You found it on level 10 of the Dungeon)

   It inflicts extra damage upon your enemies.
   +Blink:    It lets you blink.
 E - a +2 whip of electrocution (weapon)
 H - a +0 vorpal morningstar
Missiles
 m - 3 curare-tipped darts (quivered)
Armour
 a - a +0 pair of gloves (worn)
 b - a +1 hat of stealth (worn)
 c - a +0 buckler (worn)
 y - a +1 plate armour of poison resistance (worn)
 M - a +2 cloak (worn)
 Q - a +0 pair of boots (worn)
Jewellery
 g - a ring of fire
 h - a ring of poison resistance
 w - a ring of flight
 I - the ring "Dihuc" (right hand) {Str+6 Slay+3 Stlth+}
   (You bought it in a shop on level 10 of the Dungeon)

   [ring of strength]

   Str:       It affects your strength (+6).
   Slay:      It affects your accuracy & damage with ranged weapons and melee
   (+3).
   Stlth:     It makes you more stealthy.
 O - a ring of resist corrosion (left hand)
 T - an amulet of reflection (around neck)
Wands
 l - a wand of acid (18)
 p - a wand of polymorph (9)
 u - a wand of digging (12)
 x - a wand of paralysis (14)
 C - a wand of iceblast (23)
 J - a wand of flame (37)
 L - a wand of mindburst (14)
 W - a wand of charming (7)
Scrolls
 f - 4 scrolls of fog
 i - 5 scrolls of enchant armour
 k - 4 scrolls of vulnerability
 s - a scroll of fear
 z - 7 scrolls of teleportation
 A - 5 scrolls of summoning
 F - 5 scrolls of immolation
 G - 7 scrolls of enchant weapon
 N - a scroll of blinking
 U - 6 scrolls of identify
 V - 2 scrolls of amnesia
 Y - 2 scrolls of magic mapping
 Z - 2 scrolls of holy word
Potions
 d - 2 potions of might
 e - 5 potions of brilliance
 j - 6 potions of attraction
 n - 7 potions of lignification
 o - 4 potions of flight
 q - 4 potions of magic
 t - 3 potions of resistance
 v - 4 potions of heal wounds
 B - 4 potions of haste
 D - 12 potions of curing
 K - 6 potions of cancellation
 P - 4 potions of berserk rage
 R - 3 potions of ambrosia
 S - 3 potions of mutation


   Skills:
 + Level 22.7 Fighting
 - Level 12.0 Maces & Flails
 - Level 17.0 Armour
 - Level 8.0 Dodging
 - Level 18.1 Shields
 - Level 8.0 Invocations


You had 16 spell levels left.
You didn't know any spells.
Your spell library contained the following spells:

 Spells                   Type           Power      Damage    Failure   Level
 Magic Dart               Conj           0%         1d3       97%         1
 Pain                     Necr           0%         1d4       97%         1
 Shock                    Conj/Air       0%         1d3       97%         1
 Ensorcelled Hibernation  Hex/Ice        0%         N/A       99%         2
 Scorch                   Fire           0%         2d5       99%         2
 Searing Ray              Conj           0%         2d4       99%         2
 Call Canine Familiar     Summ           0%         N/A       100%        3
 Conjure Flame            Conj/Fire      0%         6-21      100%        3
 Ignite Poison            Fire/Tmut/Pois 0%         N/A       100%        3
 Portal Projectile        Hex/Tloc       0%         N/A       100%        3
 Spider Form              Tmut/Pois      0%         N/A       100%        3
 Swiftness                Air            0%         N/A       100%        3
 Airstrike                Air            0%         N/A       100%        4
 Anguish                  Hex/Necr       0%         N/A       100%        4
 Flame Wave               Conj/Fire      0%         2d4       100%        4
 Fulminant Prism          Conj/Hex       0%         3d6       100%        4
 Leda's Liquefaction      Hex/Erth       0%         N/A       100%        4
 Sticky Flame             Conj/Fire      0%         2d3       100%        4
 Agony                    Necr           0%         N/A       100%        5
 Excruciating Wounds      Necr           0%         N/A       100%        5
 Summon Cactus Giant      Summ           0%         N/A       100%        6


Dungeon Overview and Level Annotations

Branches:
Dungeon (15/15)            Temple (1/1) D:5            Lair (6/6) D:8
 Shoals (0/4) Lair:3       Spider (3/4) Lair:3        Slime (2/5) Lair:5
    Orc (2/2) D:12            Elf (0/3) Orc:2        Vaults (0/5) D:13
 Depths (0/4) D:15         Bailey (visited)

Altars:
Ashenzari
Cheibriados
Dithmenos
Elyvilon
Fedhas
Gozag
Hepliaklqana
Kikubaaqudgha
Makhleb
Nemelex Xobeh
Okawaru
Qazlal
Ru
Sif Muna
Trog
Uskayaw
Vehumet
Wu Jian
Xom
Yredelemnul
Zin
The Shining One
Beogh
Lugonu

Shops:
D:3 (   D:10 :=   D:15 (   Orc:1 ?   Orc:2 (!((

Portals:
Abyss: Lair:3

Annotations:
D:13 2 runed translucent doors, Xoimeeto's ghost, adept FoSk
Spider:3 Arachne


Innate Abilities, Weirdness & Mutations

You have a pair of horns on your head.
You reflexively headbutt those who attack you in melee.


Message History

Unknown command.
Unknown command.
Unknown command.
You feel less confused. You block the redback's attack.
The tarantella touches you.
* * * LOW HITPOINT WARNING * * *
You are confused.
Arachne mumbles some strange words.
Arachne blinks!
The demonic crawler shrieks in warning!
The redback barely misses you. The ghost moth hits you!
* * * LOW HITPOINT WARNING * * *
The ghost moth hits you but does no damage.
The ghost moth stings you but does no damage.
The tarantella misses you.
The broodmother summons a spider!
The wolf spider hits you!
* * * LOW HITPOINT WARNING * * *
The wolf spider closely misses you. The jumping spider barely misses you.
The jumping spider bites you but does no damage.
The redback barely misses you.
In your confused state, you trip and fall back down the stairs.
* * * LOW HITPOINT WARNING * * *
The tarantella closely misses you.
The jumping spider leaps!
The ghost moth stares at you.
You feel your power leaking away. The ghost moth hits you!
* * * LOW HITPOINT WARNING * * *
You feel dopey.
The ghost moth hits you but does no damage.
The ghost moth stings you but does no damage.
The broodmother bites you but does no damage.
The ghost moth stares at you. The wolf spider misses you.
The wolf spider bites you but does no damage.
The jumping spider leaps!
The redback closely misses you.
The tarantella touches you but does no damage.
The broodmother summons spiders!
The ghost moth stares at you. The ghost moth hits you.
You die...

.....#.#..#..##....#..
#^....#..#......#.... .
#..#.....#...^..#...#
..#.....#....#...#^.^..
.#...ss..○#^..#....#..#
.s..#ssysss^#..........#
.....^ss#s#.......#.#..^
....y##ssHs....#..#.#.#.
....sss@y#w.......... #.
....##ssss.#.#..........
.. .....#.....#........
..#.##.s..#.s... ... ..#
.. #.#....)#. ..# . .##
..##..#.. .. >.. ... .^
.. ..


You could see Arachne, a broodmother, 3 ghost moths, a demonic crawler, 5 wolf
spiders, an orb spider, 3 culicivoras, 3 jumping spiders, 2 tarantellas and 6
redbacks.

Vanquished Creatures
  Gastronok (D:8)
  An azure jelly (Slime:1)
  2 orc warlords
  An emperor scorpion (Lair:3)
  A dire elephant (Lair:6)
  A spark wasp (Spider:1)
  A great orb of eyes (Slime:1)
  A fire dragon (Lair:6)
  4 vault guards (D:13)
  Erolcha (D:10)
  4 boulder beetles
  A catoblepas (Lair:6)
  18 hydras
  2 death knights
  5 death yaks
  3 centaur warriors
  4 orc high priests (Orc:2)
  5 two-headed ogres
  The ghost of Rsteiner the Destroyer, a novice DsFE of Vehumet (D:9)
  Sonja (D:12)
  A sun moth (Spider:1)
  A pharaoh ant (Spider:1)
  3 steelbarb worms (Spider:3)
  An orb spider (Spider:1)
  Pikel (D:5)
  5 lindwurms
  10 ugly things
  8 orc knights
  4 deep elf pyromancers
  3 cyclopes (D:13)
  6 orc sorcerers
  An oklob plant (Lair:3)
  20 elephants
  5 manticores
  A moth of wrath (Spider:3)
  5 wolf spiders
  5 black mambas
  2 unseen horrors
  17 cane toads
  Maggie (D:8)
  A demonic crawler (Spider:1)
  5 torpor snails (Lair:6)
  3 gargoyles
  5 rime drakes
  An efreet (D:15)
  6 komodo dragons
  A queen bee (Lair:2)
  4 tyrant leeches (Lair:6)
  8 hornets
  7 trolls
  4 polar bears
  6 tarantellas
  9 meliai
  A blink frog (Lair:4)
  5 dream sheep
  3 jumping spiders
  11 slime creatures
  A centaur simulacrum (D:14)
  3 shadows
  44 yaks
  2 vampires (D:12)
  4 wyverns
  5 culicivoras
  A wraith (D:12)
  A ynoxinul (Abyss:2)
  5 basilisks
  A human (shapeshifter) (D:14)
  A large abomination (Abyss:2)
  A steam dragon (D:7)
  4 vampire mosquitoes
  A harpy simulacrum (D:15)
  23 redbacks
  7 wargs
  3 acid dragons
  13 water moccasins
  49 orc warriors
  A sky beast (D:6)
  2 ice beasts (D:6)
  10 wolves
  4 boggarts (D:14)
  21 ogres
  A phantom (D:2)
  9 centaurs
  A kobold brigand (D:8)
  15 bullfrogs
  4 scorpions (D:4)
  A water moccasin zombie (D:5)
  2 water moccasin skeletons
  23 killer bees
  14 wights
  An electric eel (Spider:1)
  35 orc priests
  A centaur skeleton (D:7)
  3 hounds
  4 jellies
  27 orc wizards
  4 iguanas
  5 hell rats (Lair:3)
  A killer bee zombie (D:6)
  A hound skeleton (D:4)
  4 howler monkey zombies
  12 adders
  A shadow imp (Abyss:2)
  2 white imps
  2 ufetubi
  3 adder skeletons (D:4)
  2 worms
  A dart slug (D:3)
  147 orcs
  6 ball pythons
  8 endoplasms
  A giant cockroach (D:4)
  9 goblins
  11 hobgoblins
  10 kobolds
  5 quokkas
  5 bats
  4 frilled lizards
  2 rats
  A lurking horror (Lair:3)
833 creatures vanquished.

Vanquished Creatures (others)
  A fire giant (D:15)
  An orc priest (Orc:2)
  An orc wizard (Orc:2)
  16 fungi
  37 plants
  6 starspawn tentacles (Abyss:2)
62 creatures vanquished.

Grand Total: 895 creatures vanquished

Notes
Turn   | Place    | Note
-------+----------+-------------------------------------------
     0 | D:1      | DocClef the Minotaur Fighter began the quest for the Orb.
     0 | D:1      | Reached XP level 1. HP: 19/19 MP: 0/0
    13 | D:1      | Reached skill level 4 in Fighting
   305 | D:1      | Found a faded altar of an unknown god.
   320 | D:1      | Reached XP level 2. HP: 26/28 MP: 1/1
   671 | D:2      | Reached skill level 5 in Fighting
   697 | D:2      | Reached XP level 3. HP: 36/36 MP: 2/2
  1115 | D:2      | Identified the +0 ring mail of the Lobster {rElec}
  1115 | D:2      | Noticed a phantom
  1133 | D:2      | Killed a phantom
  1134 | D:2      | Reached skill level 6 in Fighting
  1134 | D:2      | Reached XP level 4. HP: 18/45 MP: 3/3
  1134 | D:2      | Reached XP level 5. HP: 21/51 MP: 4/4
  1554 | D:3      | Reached skill level 7 in Fighting
  2092 | D:3      | Found Utrequs's Antique Weapon Boutique.
  2787 | D:4      | Reached skill level 8 in Fighting
  2796 | D:4      | Reached XP level 6. HP: 48/61 MP: 5/5
  3318 | D:4      | Reached skill level 5 in Maces & Flails
  3318 | D:4      | Reached XP level 7. HP: 8/69 MP: 6/6
  3325 | D:5      | Entered Level 5 of the Dungeon
  3705 | D:4      | Found a burning altar of Makhleb.
  4320 | D:5      | Found an opulent altar of Gozag.
  4368 | D:5      | Noticed Pikel
  4390 | D:5      | Killed Pikel
  4391 | D:5      | Reached skill level 10 in Maces & Flails
  4391 | D:5      | Reached XP level 8. HP: 62/75 MP: 7/7
  4458 | D:5      | Found a sacrificial altar of Ru.
  4834 | D:5      | Found an ancient bone altar of Kikubaaqudgha.
  5016 | D:5      | Found a staircase to the Ecumenical Temple.
  5022 | Temple   | Entered the Ecumenical Temple
  5211 | Temple   | Became a worshipper of the Shining One
  5470 | D:6      | Found a hide-covered altar of Uskayaw.
  5535 | D:6      | Reached XP level 9. HP: 58/82 MP: 8/8
  5760 | D:6      | Found an ornate altar of the Wu Jian Council.
  5953 | D:6      | Reached skill level 9 in Fighting
  6169 | D:6      | Reached * piety under the Shining One
  6374 | D:6      | Reached skill level 10 in Fighting
  6617 | D:7      | Found a radiant altar of Vehumet.
  6871 | D:7      | Reached skill level 11 in Fighting
  7621 | D:8      | Found a hazy altar of Hepliaklqana.
  7794 | D:8      | Found a staircase to the Lair.
  7810 | D:8      | Found a white marble altar of Elyvilon.
  7863 | D:8      | Noticed Maggie
  7872 | D:8      | Killed Maggie
  7873 | D:8      | Reached skill level 12 in Fighting
  7877 | D:8      | Identified the +1 leather armour of Hopscotch {Str+3}
  8130 | D:8      | Found a blossoming altar of Fedhas.
  8694 | D:8      | Noticed Gastronok
  8709 | D:8      | Killed Gastronok
  8710 | D:8      | Reached skill level 13 in Fighting
  8710 | D:8      | Reached XP level 10. HP: 51/102 MP: 5/9
  8954 | D:9      | Noticed Rsteiner's ghost (novice DsFE)
  8954 | D:9      | Found a large runed translucent door.
  8954 | D:9      | Found a large runed translucent door.
  9018 | D:9      | Reached skill level 14 in Fighting
  9083 | D:9      | Reached ** piety under the Shining One
  9118 | D:9      | Reached skill level 15 in Fighting
  9555 | D:9      | Found a stormy altar of Qazlal.
  9562 | D:9      | Reached skill level 16 in Fighting
  9791 | D:9      | Reached skill level 5 in Armour
  9795 | D:9      | Reached XP level 11. HP: 85/114 MP: 10/10
 10049 | D:9      | Killed Rsteiner's ghost
 10079 | D:10     | Entered Level 10 of the Dungeon
 10152 | D:10     | Found Kynod's Self-Improvement Boutique.
 10202 | D:10     | Found Ponoro's Jewellery Shop.
 10226 | D:10     | Found a flagged portal.
 10232 | D:10     | Identified the +8 halberd of Evisceration {vorpal, +Blink}
 10236 | Bailey   | Entered a bailey
 10561 | Bailey   | Noticed an orc knight
 10584 | Bailey   | Killed an orc knight
 10626 | Bailey   | Acquired 969 gold pieces
 11107 | D:10     | Noticed Erolcha
 11116 | D:10     | Cast into level 2 of the Abyss (Erolcha)
 11215 | Abyss:2  | Noticed a hell hog
 11256 | Abyss:2  | Noticed a tentacled starspawn
 11257 | Abyss:2  | Noticed a wretched star
 11281 | D:10     | Escaped the Abyss
 11290 | D:10     | Killed Erolcha
 11719 | D:10     | Bought the ring "Dihuc" {Str+6 Slay+3 Stlth+} for 1132 gold
                  | pieces
 11822 | Lair:1   | Entered Level 1 of the Lair of Beasts
 11826 | Lair:1   | Noticed a five-headed hydra
 11826 | Lair:1   | Noticed a six-headed hydra
 11835 | Lair:1   | Killed a five-headed hydra
 11836 | Lair:1   | Reached skill level 10 in Armour
 11845 | Lair:1   | Killed a six-headed hydra
 12247 | Lair:1   | Reached skill level 1 in Dodging
 12299 | Lair:1   | Noticed a six-headed hydra
 12299 | Lair:1   | Reached *** piety under the Shining One
 12302 | Lair:1   | Killed a six-headed hydra
 12315 | Lair:1   | Noticed a lindwurm
 12324 | Lair:1   | Reached skill level 5 in Dodging
 12331 | Lair:1   | Killed a lindwurm
 12494 | Lair:1   | Noticed a lindwurm
 12505 | Lair:1   | Killed a lindwurm
 12506 | Lair:1   | Reached XP level 12. HP: 21/122 MP: 11/11
 14135 | Lair:3   | Found a staircase to the Shoals.
 14155 | Lair:3   | Reached skill level 5 in Shields
 14356 | Lair:3   | Found a one-way gate to the infinite horrors of the Abyss.
 14357 | Lair:3   | Found a corrupted altar of Lugonu.
 14918 | Lair:3   | Found a hole to the Spider Nest.
 15173 | Lair:3   | Noticed an eight-headed hydra
 15179 | Lair:3   | Killed an eight-headed hydra
 15507 | Lair:3   | Identified the +5 fustibalus of Checks and Balances {venom,
                  | rPois rF- Int+8 Dex-2}
 16402 | Lair:4   | You fall into a shaft and drop 2 floors!
 16402 | Lair:6   | Entered Level 6 of the Lair of Beasts
 16442 | Lair:6   | Noticed a six-headed hydra
 16454 | Lair:6   | Killed a six-headed hydra
 16455 | Lair:6   | Reached skill level 10 in Shields
 16455 | Lair:6   | Noticed a seven-headed hydra
 16519 | Lair:6   | Noticed a death yak
 16521 | Lair:6   | Noticed a death yak
 16531 | Lair:6   | Noticed a death yak
 16532 | Lair:6   | Noticed a death yak
 16547 | Lair:6   | Killed a death yak
 16548 | Lair:6   | Killed a death yak
 16554 | Lair:6   | Killed a death yak
 16566 | Lair:6   | Killed a death yak
 16841 | Lair:5   | Reached XP level 13. HP: 128/128 MP: 12/12
 17001 | Lair:5   | Found a staircase to the Slime Pits.
 18062 | Lair:5   | Reached **** piety under the Shining One
 18977 | Lair:5   | Reached skill level 15 in Shields
 20503 | Lair:6   | Noticed a dire elephant
 20524 | Lair:6   | Killed a dire elephant
 20525 | Lair:6   | Reached XP level 14. HP: 101/137 MP: 10/13
 21169 | Lair:6   | Found a runed translucent door.
 22102 | Slime:1  | Entered Level 1 of the Pits of Slime
 22103 | Slime:1  | Noticed an azure jelly
 22132 | Slime:1  | Killed an azure jelly
 22506 | Slime:2  | Noticed a rockslime
 24104 | D:10     | Found a bloodstained altar of Trog.
 24217 | D:10     | Bought a manual of Fighting for 960 gold pieces
 24637 | D:11     | Reached ***** piety under the Shining One
 24638 | D:11     | Reached skill level 17 in Fighting
 25132 | D:12     | Found a staircase to the Orcish Mines.
 25184 | D:12     | Reached skill level 18 in Fighting
 26295 | D:13     | Found a glowing silver altar of Zin.
 26295 | D:13     | Noticed an angel
 26350 | D:13     | Reached skill level 19 in Fighting
 26359 | D:13     | Reached XP level 15. HP: 73/152 MP: 14/14
 27226 | D:13     | Reached skill level 20 in Fighting
 27237 | D:13     | Found a large runed translucent door.
 27237 | D:13     | Found a large runed translucent door.
 27239 | D:13     | Noticed Xoimeeto's ghost (adept FoSk)
 27384 | D:13     | Found a gate to the Vaults.
 28781 | Orc:1    | Entered Level 1 of the Orcish Mines
 28882 | Orc:1    | Found Itulud's Magic Scroll Emporium.
 28902 | Orc:1    | Noticed an orc warlord
 28903 | Orc:1    | Noticed Sonja
 28941 | D:12     | Killed Sonja
 28942 | D:12     | Reached skill level 21 in Fighting
 29340 | Orc:1    | Killed an orc warlord
 29679 | Orc:1    | Found a burning altar of Makhleb.
 29980 | Orc:2    | Entered Level 2 of the Orcish Mines
 30136 | Orc:2    | Reached skill level 22 in Fighting
 30359 | Orc:2    | Reached ****** piety under the Shining One
 30396 | Orc:2    | Reached skill level 15 in Armour
 30488 | Orc:2    | Found Juozaiph's Weapon Boutique.
 30564 | Orc:2    | Found Holic's Antique Weapon Shop.
 31215 | Orc:2    | Found a staircase to the Elven Halls.
 31679 | Orc:2    | Noticed an orc warlord
 31720 | Orc:2    | Killed an orc warlord
 31819 | Orc:2    | Found Connat's Distillery.
 32121 | Orc:2    | Found Qeph's Weapon Shop.
 32238 | Orc:2    | Bought a glimmering morningstar for 225 gold pieces
 32238 | Orc:2    | Identified the +8 morningstar of Causality {pain, rF- rN+
                  | Int+3 Stlth+} (You bought it in a shop on level 2 of the
                  | Orcish Mines)
 32664 | D:14     | Reached skill level 1 in Invocations
 33371 | D:15     | Entered Level 15 of the Dungeon
 33371 | D:15     | Found Xigunacs's Antique Weapon Shoppe.
 33815 | D:15     | Reached skill level 5 in Invocations
 33948 | D:15     | Found a staircase to the Depths.
 33948 | D:15     | Noticed a fire giant
 34112 | D:15     | Killed a fire giant
 34692 | Spider:1 | Entered Level 1 of the Spider Nest
 35051 | Spider:1 | Reached XP level 16. HP: 159/169 MP: 19/19
 36049 | Spider:1 | You fall into a shaft and drop 1 floor!
 37109 | Spider:2 | Reached XP level 17. HP: 176/178 MP: 22/22
 37243 | Spider:3 | Noticed Arachne
 37252 | Spider:3 | HP: 4/178 [ghost moth (12)]
 37252 | Spider:3 | Slain by a ghost moth

Illustrated notes

Levels and vault maps discovered:
D:1:      tarquinn_simple_flora_water_a, layout_loops_ring,
          hellmonk_ecumenical_altar_run_dry, minmay_small_reverse_x
D:2:      layout_rooms, chequers_mini_garden
D:3:      layout_basic, serial_shops, shop
D:4:      minmay_chambers_of_threes, layout_basic, general_overflow_altar
D:5:      layout_rooms, amcnicky_altar_gilded, nicolae_ru_path_of_blood,
          mainiacjoe_overflow_brackets, minmay_temple_entry_enclosed_plants,
          hex_intersection, serial_bayou_crossing, uniq_pikel
D:6:      layout_loops_corners, mainiacjoe_overflow_tiny_flanked,
          lemuel_crystal_altar
D:7:      layout_loops_cross, vehumet_altar_wand_db
D:8:      layout_loops_cross, mainiacjoe_overflow_catwalk,
          mainiacjoe_overflow_24_doors, nicolae_elyvilon_peaceful_grove,
          lair_entry_dummy, chequers_serial_rivers_micro_c, uniq_maggie,
          uniq_gastronok
D:9:      layout_roguey, mainiacjoe_overflow_paths, ebering_ghost_disaster_area
D:10:     layout_grid_maze, mainiacjoe_overflow_chevrons, enter_bailey_2,
          serial_shops, nicolae_diamond_shop, minmay_misc_feat_cross,
          nicolae_shop_self_help, uniq_erolcha
D:11:     layout_gridville
D:12:     layout_stronghold, erik_orc_4, serial_column_ruins, column_ruins_hut,
          column_ruins_hut, column_ruins_columns_straight, column_ruins_grid_1,
          column_ruins_grid_2, column_ruins_open_tiny, column_ruins_open_small
D:13:     layout_loops_ring, lightli_vaults_fourway_checkpoint,
          ebering_ghost_disaster_area, zin_angel
D:14:     layout_small_grid, nicolae_cairo_tiling
D:15:     grunt_enter_depths_giant_problem, layout_gridville, chequers_avenue,
          serial_shops, nicolae_shop_trees, columned_hall_lemuel
Temple:   jpeg_temple_alley_garden
Lair:1:   layout_regular_city, nicolae_lair_lindhole
Lair:2:   layout_cave_pods, special_room [special_room_bee]
Lair:3:   cheibrodos_lair_river_kwai, layout_long_grid,
          minmay_shoals_entry_centaurs, dummy_spider_entry, st_stairs_4,
          amcnicky_altar_lugonu_corruption
Lair:4:   layout_small_grid
Lair:5:   layout_big_grid, nicolae_slime_entry_slimehenge, serial_bayou_pond_e,
          eino_small_chamber_without_monster, nzn_random_ring,
          infiniplex_staircase_pool_2, lemuel_fruit_tree
Lair:6:   hangedman_lair_in_review, layout_cellular_growth, wormcave
Spider:1: layout_spider_delve
Spider:2: layout_spider_delve, guppyfry_spider_mini_3
Spider:3: layout_spider_delve, hangedman_spider_tarantella_strand, uniq_arachne
Slime:1:  layout_caves
Slime:2:  cheibrodos_slime_lost_civilization_9, layout_caves
Orc:1:    layout_caves, serial_shops, shop, basic_altar, library_closet,
          uniq_sonja
Orc:2:    pubby_orc_utopia

Skill      XL: |  1  2  3  4  5  6  7  8  9 10 11 12 13 14 15 16 17 |
---------------+----------------------------------------------------+-----
Fighting       | 4 5 6 8 13 16 19 22 | 22.7
Maces & Flails | 5 10 12 | 12.0
Armour         | 5 11 14 16 17 | 17.0
Dodging        | 6 8 |  8.0
Shields        | 12 17 18 | 18.1
Invocations    | 6 8 |  8.0

Action                   |  1- 3 |  4- 6 |  7- 9 | 10-12 | 13-15 | 16-18 || total
-------------------------+-------+-------+-------+-------+-------+-------++-------
Melee: Flail             |    75 |     8 |       |       |       |       ||    83
       Headbutt          |     6 |    22 |    65 |   175 |   501 |    77 ||   846
       Whip              |       |   127 |   310 |   535 |  1533 |   207 ||  2712
Throw: Dart              |       |       |       |       |     4 |       ||     4
Invok: Divine Shield     |       |       |     1 |     5 |     7 |       ||    13
  Use: Scroll            |       |       |     1 |    25 |     6 |       ||    32
       Potion            |       |       |       |     2 |       |     2 ||     4
Armor: Scale mail        |    40 |       |       |       |       |       ||    40
       Ring mail         |       |    45 |    47 |       |       |       ||    92
       Acid dragon scale |       |       |     8 |   131 |   332 |       ||   471
       Plate armour      |       |       |       |       |    37 |   136 ||   173
Dodge: Dodged            |    38 |    57 |    82 |   159 |   456 |   103 ||   895
Block: Buckler           |    14 |    26 |    34 |   121 |   712 |   137 ||  1044
       Reflection        |       |       |       |       |    17 |       ||    17
